 Dungeon Crawl Stone Soup version 0.19-a0-1823-g21c7ecd (webtiles) character file.

343 Geomchi the Conjurer (level 6, 0/32 HPs)
             Began as a Deep Elf Conjurer on Oct 7, 2016.
             Slain by an adder (3 damage)
             ... on level 4 of the Dungeon.
             The game lasted 00:03:29 (4142 turns).

Geomchi the Conjurer (Deep Elf Conjurer)            Turns: 4142, Time: 00:03:30

Health: 0/32       AC:  2    Str: 10    XL:     6   Next: 31%
Magic:  4/16       EV: 13    Int: 22    God:
Gold:   113        SH:  0    Dex: 15    Spells: 3 memorised, 8 levels left

rFire  . . .     SeeInvis .     d - -2 spear
rCold  . . .     Gourm    .     a - +0 robe
rNeg   . . .     Faith    .     (no shield)
rPois  .         Spirit   .     (no helmet)
rElec  .         Dismiss  .     (no cloak)
rCorr  .         Reflect  .     (no gloves)
MR     .....     Harm     .     (no boots)
Stlth  +.........               (no amulet)
                                (no ring)
                                (no ring)

@: mighty, slightlycontaminated, glowing
A: no striking features
a: no special abilities


You were on level 4 of the Dungeon.
You were not hungry.

You visited 1 branch of the dungeon, and saw 4 of its levels.

You collected 113 gold pieces.

Inventory:

Hand Weapons
 d - a -2 spear (weapon)
Armour
 a - a +0 robe (worn)
Jewellery
 g - an uncursed amulet of harm {unknown}
 k - a +6 ring of evasion {unknown}
Scrolls
 f - 4 scrolls of fog
 h - 7 scrolls of remove curse
 j - 7 scrolls of identify
 o - a scroll of enchant weapon {unknown}
 q - a scroll of teleportation {unknown}
Potions
 e - a potion of curing {unknown}
 n - a potion of haste {unknown}
 p - a potion of might
 r - a potion of brilliance {unknown}
 s - a potion of flight {unknown}
Books
 b - a book of Conjurations

   Spells                             Type                      Level
   a - Magic Dart                     Conjuration                  1
   b - Searing Ray                    Conjuration                  2
   c - Dazzling Spray                 Conjuration/Hexes            3
   d - Fulminant Prism                Conjuration/Hexes            4
   e - Iskenderun's Mystic Blast      Conjuration                  4
   f - Iskenderun's Battlesphere      Conjuration/Charms           5
Comestibles
 c - 3 bread rations {@e1}
 i - 3 chunks of flesh {@w0}
 l - 4 meat rations {@e2}


   Skills:
 - Level 2.4 Dodging
 - Level 2.4 Stealth
 + Level 5.5 Spellcasting
 * Level 7.2 Conjurations
 + Level 1.5 Charms


You had 8 spell levels left.
You knew the following spells:

 Your Spells              Type           Power        Failure   Level  Hunger
a - Magic Dart            Conj           ####         1%          1    None
b - Searing Ray           Conj           #####.       1%          2    None
c - Iskenderun's Battles  Conj/Chrm      ####....     50%         5    #####..


Dungeon Overview and Level Annotations

Branches:
Dungeon (4/15)
 Temple: D:4-7

Altars:
Cheibriados
Elyvilon
Gozag
Nemelex Xobeh

Shops:
D:4 %

Annotations:
D:4 Geomchi's ghost, amateur DECj


Message History

As you read the scroll labeled ZAOTAOJANY, it crumbles to dust.
It is a scroll of identify.
f - 4 scrolls of fog Blink to where?
You are lightly contaminated with residual magic.
As you read the scroll labeled POARIHUGAF, it crumbles to dust.
It was a scroll of blinking.
An adder comes into view.
The adder hisses angrily.
Aim: an adder The searing ray hits the adder.
The adder bites you.
* * * LOW HITPOINT WARNING * * *
The adder bites you.
* * * LOW HITPOINT WARNING * * *
You take 5 damage, and have 2/32 hp.
You now have 4/16 mp.
It was a potion of might.
You feel very mighty all of a sudden. The adder barely misses you.
You closely miss the adder. The adder bites you.
You die...

........# #.#
........... #.#
#.###.###.. #.# #.#
..# .. #.# #.# ..#
#.# ..# ..# #.# ###
#.# #
############.#.#
#.@.Z......#.#.#
##S########†#[#.#
....W.......#.#.#
...#.......#..#.#.#
###<..#.#.#.#..#.#.#
# #.# #.#.####.#.##
#. #.#.........# #.
#.#####.##### #. #.#


You could see an adder and an adder skeleton.

Vanquished Creatures
  The ghost of Tekks the Ducker, an amateur DEGl (D:3)
  A worker ant (D:4)
  5 adders
  An ooze (D:3)
  2 worms (D:2)
  5 dart slugs
  3 leopard geckos
  An orc (D:3)
  A ball python (D:3)
  6 giant cockroaches
  14 goblins
  7 hobgoblins
  8 jackals
  6 bats
  2 frilled lizards
  10 kobolds
  A quokka skeleton (D:3)
  8 rats
82 creatures vanquished.

Notes
Turn   | Place    | Note
-------+----------+-------------------------------------------
     0 | D:1      | Geomchi the Deep Elf Conjurer began the quest for the Orb.
     0 | D:1      | Reached XP level 1. HP: 10/10 MP: 6/6
   357 | D:1      | Reached XP level 2. HP: 15/15 MP: 0/8
   372 | D:1      | Learned a level 2 spell: Searing Ray
   807 | D:1      | Reached skill level 5 in Conjurations
   923 | D:2      | Reached XP level 3. HP: 18/19 MP: 3/10
  1503 | D:2      | Found a white marble altar of Elyvilon.
  1507 | D:2      | Found an opulent altar of Gozag.
  1725 | D:2      | Found a sparkling altar of Nemelex Xobeh.
  1951 | D:2      | Reached XP level 4. HP: 13/24 MP: 4/12
  2881 | D:3      | Noticed Tekks's ghost (amateur DEGl)
  2894 | D:3      | Killed Tekks's ghost
  2894 | D:3      | Reached skill level 5 in Spellcasting
  2894 | D:3      | Reached skill level 7 in Conjurations
  2894 | D:3      | Reached XP level 5. HP: 21/28 MP: 2/14
  3050 | D:3      | Learned a level 5 spell: Iskenderun's Battlesphere
  3083 | D:3      | Reached XP level 6. HP: 32/32 MP: 14/16
  3274 | D:3      | Found a snail-covered altar of Cheibriados.
  3888 | D:4      | Reached skill level 1 in Charms
  3919 | D:4      | Found Ipnus's Food Boutique.
  4133 | D:4      | Noticed Geomchi's ghost (amateur DECj)
  4142 | D:4      | Slain by an adder

Vault maps used:
D:1:      dpeg_arrival_stonehenge_8_columns
D:2:      kennysheep_goblin_castle, nemelex_xobeh_ov_fountains_minmay,
          minitemple, first_bread
D:3:      lemuel_coloured_pillars_altar
D:4:      serial_shops, nicolae_shop_behind_doors, uniq_eustachio

Skill      XL: |  1  2  3  4  5  6 |
---------------+-------------------+-----
Conjurations   | 5 7 |  7.2
Spellcasting   | 4 5 |  5.5
Charms         | 1 |  1.5
Dodging        | |  2.4
Stealth        | |  2.4

Action                   |  1- 3 |  4- 6 || total
-------------------------+-------+-------++-------
Melee: Spear             |     5 |     1 ||     6
 Cast: Magic Dart        |    92 |    81 ||   173
       Searing Ray       |     2 |     4 ||     6
  Use: Scroll            |       |     3 ||     3
       Potion            |       |     1 ||     1
  Eat: Chunk             |     3 |     7 ||    10
Armor: Robe              |     2 |     1 ||     3
Dodge: Dodged            |    21 |     8 ||    29
